Unix NetHack Version 3.7.0-102 Work-in-progress - last build Apr 6 2024 13:22:21 (d302a6a9ff6341f1a922d8f5af178406b35fdf99,branch:master). Game began 2024-05-01 19:55:13, ended 2024-05-01 23:00:48. fstd, neutral male human Wizard ----- ------ |...| |....| |...----.`..| |........``Y| |..--->---.@| ---.---------| |.....|<^^...| |.....|----..| |.....| |.-- |.....-----.| |...........| ----------..| ---- Fstd the Thaumaturge St:11 Dx:13 Co:18 In:18 Wi:10 Ch:9 Neutral S:12472 Dlvl:8 $:730 HP:0(88) Pw:9(82) AC:5 Xp:9 T:10477 Burdened Latest messages: You kill the gremlin! With great effort you move the boulder. With great effort you move the boulder. You try to move the boulder, but in vain. With great effort you move the boulder. The boulder fills a pit. Where do you want to travel to? With great effort you move the boulder. You have a little trouble lifting h - a bronze ring. With great effort you move the boulder. You hear a monster behind the boulder. The yeti hits! The yeti hits again! The yeti bites! The yeti hits! The yeti hits again! The yeti bites! The yeti hits! The yeti hits again! The yeti bites! In what direction? k The magic missile hits it. The yeti hits! The yeti hits again! The yeti bites! The yeti hits! The yeti hits again! The yeti bites! In what direction? k The magic missile hits it. The yeti hits! The yeti hits again! The yeti bites! The yeti hits! The yeti hits again! The yeti bites! What do you want to zap? [emrwOU or ?*] O In what direction? k The magic missile hits it. The magic missile bounces! The magic missile hits it. The yeti hits! The yeti hits again! The yeti bites! The yeti hits! The yeti hits again! The yeti bites! You die... Do you want your possessions identified? [ynq] (y) y Do you want to see your attributes? [ynq] (y) q Inventory: Coins ('$') $ - 730 gold pieces Weapons (')') I - 21 uncursed +0 darts F - an uncursed +0 dagger p - 2 uncursed +0 elven daggers a - a blessed +1 quarterstaff (weapon in hands) Armor ('[') V - an uncursed greased +0 dwarvish iron helm (being worn) L - an uncursed +0 pair of iron shoes (being worn) b - an uncursed +0 cloak of magic resistance (being worn) Comestibles ('%') g - 2 uncursed food rations c - an uncursed tripe ration Scrolls ('?') f - 2 uncursed scrolls of earth Rings ('=') B - an uncursed ring of free action (on right hand) d - a blessed +2 ring of increase accuracy (on left hand) h - an uncursed ring of shock resistance Wands ('/') m - an uncursed wand of cold (0:0) r - an uncursed wand of light (0:11) U - an uncursed wand of lightning (0:3) O - an uncursed wand of magic missile (0:5) e - an uncursed wand of secret door detection (0:12) w - an uncursed wand of striking (0:5) Tools ('(') u - an uncursed bag of holding containing 51 items l - an uncursed oil lamp k - an uncursed skeleton key n - an uncursed towel v - an uncursed +0 unicorn horn Contents of the bag of holding: 9 uncursed +0 crossbow bolts an uncursed +0 Hawaiian shirt with a palm tree motif 3 uncursed food rations an uncursed fortune cookie an uncursed pancake 2 uncursed tripe rations 3 uncursed scrolls of blank paper 2 cursed scrolls of blank paper an uncursed scroll of destroy armor a cursed scroll of earth 2 uncursed scrolls of enchant armor an uncursed scroll of enchant weapon an uncursed scroll of fire an uncursed scroll of genocide 2 blessed scrolls of identify 2 uncursed scrolls of identify a cursed scroll of punishment an uncursed scroll of remove curse an uncursed potion of blindness an uncursed potion of booze an uncursed potion of confusion an uncursed potion of gain ability an uncursed potion of gain energy 4 uncursed potions of healing a blessed potion of levitation 2 cursed potions of levitation 4 uncursed potions of object detection an uncursed potion of oil an uncursed potion of restore ability an uncursed potion of see invisible an uncursed potion of sleeping an uncursed potion of speed 3 uncursed potions of water a potion of unholy water a cursed -1 ring of adornment an uncursed ring of polymorph an uncursed wand of create monster (0:12) an uncursed wand of opening (0:7) an uncursed wand of secret door detection (0:13) an uncursed wand of speed monster (0:6) an uncursed wand of striking (0:5) an uncursed can of grease (0:4) an uncursed magic marker (0:20) an uncursed +0 pick-axe an uncursed partly used tallow candle an uncursed tin whistle an uncursed +0 unicorn horn an uncursed +0 unicorn horn 2 uncursed worthless pieces of violet glass 2 uncursed worthless pieces of white glass an uncursed worthless piece of yellow glass Fstd the Wizard's attributes: Background: You were a Thaumaturge, a level 9 male human Wizard. You were neutral, on a mission for Thoth who was opposed by Ptah (lawful) and Anhur (chaotic). You were right-handed. You were in Sokoban, on level 8. You entered the dungeon 10477 turns ago. It was nighttime. You had 2808 experience points, 2312 more were needed to attain level 10. Your score was 12472 before end-of-game adjustments. Basics: You had 0 out of 88 hit points. You had 9 out of 82 energy points (spell power). Your armor class was 5. Your wallet contained 730 zorkmids. Autopickup was on for '$"?!=+/(*' plus thrown, with exceptions. Final Characteristics: Your strength was 11 (limit:18/100). Your dexterity was 13 (peak:14, limit:18). Your constitution was 18 (limit:18). Your intelligence was 18 (limit:18). Your wisdom was 10 (limit:18). Your charisma was 9 (limit:18). Final Status: You weren't hungry. You were burdened; movement was slightly slowed. You were wielding a quarterstaff. You had basic skill with quarterstaff and could have enhanced that. Final Attributes: You were piously aligned. You were magic-protected. You were fire resistant. You were sleep resistant. You were telepathic. You had a small bonus to hit (+2). You were warded. You had free action. You are dead. Miscellaneous: You disabled loading of bones levels. Total elapsed playing time was 3 hours, 5 minutes and 25 seconds. Major events: Turn 1: fstd the neutral male human Wizard entered the dungeon 577: attained the rank of Conjurer (level 3) 1534: entered the Gnomish Mines 2278: attained the rank of Thaumaturge (level 6) 2842: reached Mine Town 10226: entered Sokoban 10477: killed by a yeti Vanquished creatures: 2 small mimics a large dog a tengu a mountain centaur a chameleon 4 giant beetles a cockatrice a wolf a winter wolf cub a gremlin a horse a black light a dwarf mummy 2 owlbears 2 yetis a Green-elf a dwarf leader 2 white unicorns a black unicorn a dust vortex a raven a plains centaur a snake a Woodland-elf 3 soldier ants 4 fire ants 2 bugbears an imp a water nymph 4 mountain nymphs 3 rock piercers a rock mole 4 yellow lights a shrieker 4 gnome leaders 3 gnomish wizards 2 gray oozes 2 ghouls 3 straw golems a paper golem 5 giant ants 2 floating eyes 8 dwarves 2 homunculi 8 rothes 2 rabid rats a centipede 2 giant bats a monkey 2 orc zombies a dwarf zombie 2 wererats 5 iguanas 6 killer bees 2 acid blobs a coyote 3 hobbits 8 manes a large kobold a hobgoblin 4 giant rats 5 cave spiders a yellow mold 2 green molds a red mold 21 gnomes 3 garter snakes 5 geckos 14 jackals a fox 3 kobolds 6 goblins 4 sewer rats 9 grid bugs 11 lichens 2 kobold zombies a newt 226 creatures vanquished. No species were genocided or became extinct. Voluntary challenges: You read items or engraved 13 times. You never engraved Elbereth. You never genocided any monsters. You never polymorphed an object. You used no wishes. You did not violate any of the special Sokoban rules. Achievements: You attained the rank of Conjurer. You entered a shop. You entered the Gnomish Mines. You attained the rank of Thaumaturge. You entered Minetown. You entered a temple. You entered Sokoban. The Dungeons of Doom: levels 1 to 10 Level 1: A fountain. Level 2: "kat" Some fountains. Level 3: Level 4: Many fountains, a sink. Stairs down to The Gnomish Mines. Level 5: A fountain, a grave. Level 6: A fountain. Level 7: Many fountains. Level 8: A fountain. Level 9: An altar, a grave. Stairs up to Sokoban, level 8. Level 10: A fountain. The Gnomish Mines: levels 5 to 7 Level 5: Level 6: Level 7: "white u+saddle" A temple and an altar, some fountains. Sokoban: Level 8: <- You were here. Unsolved. Final resting place for you, killed by a yeti. Game over: ---------- / \ / REST \ / IN \ / PEACE \ / \ | fstd | | 730 Au | | killed by a yeti | | | | | | | | 2024 | *| * * * | * _________)/\\_//(\/(/\)/\//\/|_)_______ Goodbye fstd the Wizard... You died in Sokoban on dungeon level 8 with 12399 points, and 730 pieces of gold, after 10477 moves. You were level 9 with a maximum of 88 hit points when you died.